Map: Amphion LE

Players

BobertJoe - Winner!

  • Race: Zerg Zerg
  • League: Platinum
  • Spawn Location: 11:00

taenorn

  • Race: Protoss Protoss
  • League: Diamond
  • Spawn Location: 7:00

VOD

Have the link to the VOD?

Description

Time

  • Played on: April 11, 2024, 11:07 a.m.
  • Length: 18:55
Show
View Real Time Build Order
Export as new Build Order

BobertJoe Zerg - Winner!

Build Orders: Hatch First, Lurkers 

Get SALT Encoding   

  12  0:00  Drone  
  13  0:12  Overlord  
  13  0:18  Drone  
  14  0:31  Drone x2  
  14  0:35  Drone  
  17  0:55  Hatchery  
  16  0:57  Drone  
  16  1:00  Drone  
  18  1:12  Extractor  
  18  1:16  Spawning Pool  
  17  1:40  Drone x3  
  19  1:56  Drone  
  20  2:06  Hatchery  
  19  2:10  Zergling x2  
  19  2:11  Zergling x2  
  21  2:18  Drone  
  21  2:19  Queen  
  24  2:24  Overlord  
  24  2:34  Queen  
  26  2:37  Drone  
  26  2:40  Drone  
  28  2:46  Metabolic Boost  
  28  3:07  Drone  
  28  3:08  Drone x5  
  34  3:14  Lair  
  34  3:20  Drone  
  34  3:24  Queen  
  37  3:35  Drone  
  37  3:36  Drone x3  
  37  3:40  Extractor  
  40  3:41  Extractor  
  40  3:44  Drone x3, Extractor  
  40  3:46  Drone  
  42  3:49  Overlord  
  42  3:54  Overlord  
  42  4:06  Overlord  
  42  4:07  Overlord  
  42  4:15  Hydralisk Den  
  42  4:16  Drone x2  
  43  4:19  Drone x2  
  43  4:21  Drone  
  43  4:22  Drone x2  
  48  4:31  Queen  
  48  4:36  Zergling x2  
  48  4:37  Zergling x2  
  52  4:40  Drone  
  52  4:41  Drone x5  
  57  4:53  Zergling x6  
  60  5:01  Drone x5  
  60  5:02  Drone  
  60  5:03  Overlord x2  
  66  5:08  Drone x2  
  66  5:09  Drone  
  69  5:24  Hydralisk  
  69  5:25  Hydralisk x3  
  77  5:28  Muscular Augments  
  77  5:29  Extractor  
  77  5:32  Evolution Chamber  
  77  5:34  Evolution Chamber  
  74  5:36  Drone x5  
  74  5:42  Overlord x2  
  78  5:59  Hydralisk x4  
  78  6:00  Hydralisk x3  
  92  6:05  Zerg Missile Weapons Level 1  
  92  6:06  Infestation Pit  
  92  6:07  Zerg Ground Armor Level 1  
  91  6:25  Hydralisk x3  
  91  6:28  Overlord x3  
  91  6:31  Overlord x2  
  91  6:32  Grooved Spines  
  94  6:53  Hydralisk  
  94  6:54  Hydralisk x6  
  102  7:04  Zergling x2  
  102  7:05  Zergling x16  
  101  7:25  Zergling x2, Drone  
  101  7:26  Zergling x14  
  106  7:43  Lurker Den  
  105  7:44  Hive  
  105  7:45  Hydralisk x3  
  111  7:51  Pneumatized Carapace  
  111  7:53  Zergling x8  
  106  8:02  Zerg Melee Weapons Level 1  
  105  8:05  Drone x2  
  105  8:06  Drone  
  105  8:09  Extractor, Drone  
  105  8:10  Drone x2  
  109  8:15  Drone  
  109  8:16  Drone x2  
  112  8:20  Hatchery  
  111  8:27  Zerg Missile Weapons Level 2  
  111  8:36  Zergling x2  
  111  8:37  Zergling x10  
  111  8:41  Drone x5  
  118  8:42  Drone x7  
  129  9:03  Overlord x3, Hatchery  
  129  9:04  Overlord x3  
  129  9:08  Seismic Spines  
  128  9:23  Overlord  
  127  9:24  Overlord  
  127  9:25  Overlord  
  127  9:33  Lurker x8  
  127  9:34  Hydralisk  
  137  9:49  Hydralisk  
  137  9:50  Hydralisk x4  
  147  9:55  Zerg Ground Armor Level 2  
  147  9:58  Overlord x2  
  143  10:00  Hydralisk  
  143  10:01  Hydralisk x3  
  143  10:05  Adaptive Talons  
  151  10:12  Overseer  
  151  10:29  Hatchery  
  145  10:47  Hydralisk x3  
  145  10:48  Hydralisk x9  
  142  11:04  Hydralisk  
  142  11:05  Hydralisk, Drone  
  142  11:18  Hydralisk x3  
  130  11:24  Extractor  
  130  11:25  Extractor  
  134  11:37  Drone x3  
  134  11:39  Drone x3, Extractor  
  139  11:40  Drone  
  139  11:41  Drone x2  
  139  11:42  Extractor, Drone x3  
  138  11:48  Hydralisk x4  
  146  11:55  Viper x2  
  146  11:56  Ultralisk Cavern  
  151  12:16  Extractor  
  151  12:19  Hydralisk x3  
  151  12:21  Lurker x2  
  151  12:22  Hatchery  
  157  12:24  Lurker  
  157  12:25  Lurker  
  157  12:27  Zergling x2, Extractor  
  157  12:28  Zergling x28  
  173  12:33  Zerg Melee Weapons Level 2  
  173  12:35  Zerg Ground Armor Level 3  
  173  12:56  Lurker  
  173  12:57  Lurker  
  173  12:58  Lurker  
  176  12:59  Lurker x2  
  176  13:03  Drone x3  
  176  13:04  Drone x3  
  184  13:18  Zergling x6  
  184  13:19  Zergling x4  
  189  13:20  Overlord x2  
  156  13:49  Hydralisk  
  156  13:50  Hydralisk x14  
  181  14:09  Hydralisk  
  147  14:10  Hydralisk x4  
  155  14:25  Hydralisk x3  
  155  14:26  Viper x2  
  155  14:27  Viper x2  
  155  14:29  Ultralisk  
  155  14:30  Ultralisk x2  
  188  14:37  Overlord x2  
  170  14:38  Overseer  
  170  14:50  Lurker x2  
  170  14:51  Lurker  
  170  14:52  Swarm Host  
  182  14:53  Ultralisk x2  
  188  15:05  Ultralisk  
  188  15:06  Zergling x2  
  195  15:07  Zergling x10  
  195  15:11  Overseer  
  156  15:44  Ultralisk x5  
  156  15:47  Hydralisk x3  
  156  15:48  Hydralisk  
  158  15:59  Hydralisk  
  158  16:01  Hydralisk  
  158  16:02  Zergling x2  
  158  16:03  Zergling x22  
  168  16:17  Hydralisk  
  170  16:26  Hydralisk  
  170  16:27  Hydralisk x9  
  188  16:43  Hydralisk x7  
  188  17:13  Hydralisk  
  188  17:14  Hydralisk x15  
  150  17:41  Hydralisk x8  
  150  17:42  Hydralisk  
  160  17:54  Hydralisk  
  160  17:55  Hydralisk x3  
  164  18:06  Zergling x2  
  164  18:07  Zergling x10  
Show
View Real Time Build Order
Export as new Build Order

taenorn Protoss 

Build Orders: 1 Gate Expand 

Get SALT Encoding   

  12  0:02  Probe  
  13  0:19  Probe  
  14  0:22  Pylon  
  14  0:33  Probe  
  15  0:41  Gateway  
  15  0:50  Pylon  
  15  0:51  Probe  
  16  1:03  Probe  
  17  1:07  Pylon  
  17  1:20  Pylon  
  17  1:29  Assimilator  
  17  1:39  Nexus  
  17  1:41  Zealot  
  19  1:54  Cybernetics Core  
  19  1:57  Probe (Chrono Boost)  
  20  2:07  Probe (Chrono Boost)  
  21  2:12  Probe (Chrono Boost)  
  22  2:23  Gateway  
  22  2:24  Probe  
  22  2:28  Stalker (Chrono Boost)  
  23  2:36  Probe  
  26  2:38  Shield Battery  
  27  2:51  Probe (Chrono Boost)  
  27  2:52  Probe (Chrono Boost)  
  27  2:57  Warp Gate  
  28  3:01  Probe (Chrono Boost)  
  28  3:03  Probe (Chrono Boost)  
  28  3:04  Pylon  
  30  3:10  Assimilator  
  30  3:12  Stalker  
  32  3:17  Probe (Chrono Boost)  
  34  3:20  Probe (Chrono Boost)  
  35  3:27  Probe (Chrono Boost)  
  35  3:28  Stalker  
  35  3:30  Probe (Chrono Boost)  
  38  3:34  Probe  
  38  3:40  Probe  
  40  3:45  Assimilator  
  40  3:46  Probe (Chrono Boost)  
  40  3:47  Assimilator  
  41  3:52  Probe (Chrono Boost)  
  42  3:58  Stalker, Probe (Chrono Boost)  
  42  4:02  Probe (Chrono Boost)  
  46  4:04  Probe (Chrono Boost)  
  47  4:17  Stalker  
  47  4:23  Robotics Facility  
  49  4:29  Probe x2  
  51  4:31  Stalker, Pylon  
  53  4:41  Probe  
  54  4:45  Pylon  
  54  4:49  Probe  
  54  4:51  Pylon  
  55  4:54  Probe  
  56  5:01  Probe  
  56  5:05  Forge  
  56  5:06  Observer (Chrono Boost)  
  57  5:07  Forge  
  58  5:20  Observer (Chrono Boost)  
  58  5:26  Robotics Bay  
  59  5:33  Probe x2  
  59  5:34  Stalker  
  59  5:35  Stalker  
  65  5:42  Pylon  
  65  5:45  Probe x2  
  65  5:47  Protoss Shields Level 1, Protoss Ground Weapons Level 1  
  65  6:08  Probe x2  
  67  6:12  Extended Thermal Lance (Chrono Boost), Photon Cannon x2  
  67  6:16  Stalker x2  
  77  6:20  Probe x2  
  79  6:32  Probe x2  
  81  6:41  Gateway  
  81  6:42  Colossus  
  81  6:43  Gateway  
  81  6:45  Gateway  
  79  7:01  Pylon  
  79  7:04  Pylon  
  77  7:13  Pylon  
  77  7:19  Probe  
  77  7:20  Observer  
  74  7:27  Stalker  
  76  7:35  Colossus (Chrono Boost)  
  76  7:38  Nexus  
  76  7:40  Stalker  
  76  7:42  Pylon  
  84  7:44  Pylon  
  84  7:45  Stalker  
  84  7:46  Pylon, Stalker  
  84  7:51  Stalker  
  90  8:12  Probe x2  
  92  8:13  Stalker x2  
  92  8:14  Stalker x2  
  92  8:18  Colossus (Chrono Boost)  
  92  8:19  Twilight Council  
  100  8:24  Probe x2  
  108  8:36  Probe x2  
  110  8:48  Probe x2  
  112  8:49  Photon Cannon x2  
  112  8:50  Photon Cannon  
  112  8:51  Shield Battery  
  112  8:52  Gateway, Shield Battery  
  112  8:56  Probe  
  112  8:58  Robotics Facility  
  112  9:00  Assimilator, Probe x2  
  115  9:03  Assimilator  
  115  9:06  Colossus (Chrono Boost)  
  115  9:12  Probe x2  
  123  9:22  Templar Archives  
  123  9:24  Probe  
  124  9:33  Stalker x4  
  132  9:41  Pylon  
  132  9:42  Pylon  
  132  9:46  Pylon  
  132  9:47  Psionic Storm  
  132  10:00  High Templar x3  
  132  10:04  Protoss Ground Weapons Level 2, Protoss Shields Level 2  
  138  10:07  Stalker  
  138  10:09  Probe x3  
  143  10:21  Probe x2  
  144  10:27  Gateway  
  144  10:28  Gateway  
  145  10:31  Gateway  
  145  10:32  Sentry  
  145  10:33  Sentry x2  
  145  10:35  High Templar x2  
  155  10:41  Archon x2  
  155  10:57  High Templar x2  
  157  11:08  Observer x2 (Chrono Boost)  
  135  11:20  Stalker x3  
  141  11:37  Nexus, Colossus  
  141  11:38  Colossus  
  152  11:40  Pylon x2  
  152  11:43  Pylon x2  
  152  11:44  Stalker x3  
  152  11:46  Gravitic Boosters (Chrono Boost)  
  157  12:00  Shield Battery x2  
  157  12:01  Shield Battery  
  157  12:02  Photon Cannon  
  157  12:03  Photon Cannon  
  157  12:04  Photon Cannon  
  157  12:05  Photon Cannon, Probe x2  
  157  12:06  Probe  
  157  12:07  Photon Cannon  
  160  12:08  High Templar x2  
  160  12:13  Assimilator  
  160  12:15  Assimilator  
  164  12:17  Probe x2, Stalker x3  
  164  12:18  Probe  
  173  12:27  Stalker x2  
  173  12:28  Stalker  
  179  12:35  Blink  
  179  12:43  Protoss Ground Armor Level 1  
  179  12:46  Probe (Chrono Boost)  
  179  12:47  Probe x2 (Chrono Boost)  
  182  12:57  Probe x3 (Chrono Boost)  
  185  13:00  High Templar x2  
  185  13:01  Probe x2 (Chrono Boost)  
  191  13:09  Colossus  
  189  13:53  Warp Prism  
  191  13:59  Dark Shrine  
  191  14:01  Observer  
  191  14:11  Stalker x3  
  191  14:12  Stalker  
  181  14:49  Disruptor x2 (Chrono Boost)  
  189  14:55  Charge (Chrono Boost)  
  189  15:09  Gateway x3  
  189  15:11  Gateway  
  189  15:14  Disruptor (Chrono Boost)  
  189  15:15  Disruptor (Chrono Boost)  
  187  15:47  Disruptor x2  
  130  16:21  Stalker x5  
  136  16:32  Zealot x3  
  136  16:33  Zealot x4  
  142  16:44  Zealot x2  
  142  16:45  Zealot x3  
  127  16:48  Disruptor x2  
  118  17:02  Stalker  
  118  17:03  Stalker x3  
  118  17:04  Stalker  
  94  17:30  Stalker x2  
  94  17:31  Stalker x2  
  102  17:47  Nexus, Pylon  
  102  17:48  Pylon  
  102  17:51  Pylon  
  102  17:58  Pylon  
  102  17:59  Pylon  
Tags
 
Add a new tag
Caveats
  • Supply blocks, unpowered buildings, or Contaminate may cause inaccurate times.
  • Supply counts are checked every 10 seconds.